 Dungeon Crawl Stone Soup version 0.30-a0-782-ge64f9170bb (webtiles) character file.

Game seed: 14482372694531611941

158 senseless the Conjurer (level 5, -2/39 (40) HPs)
             Began as a Draconian Conjurer on Mar 3, 2023.
             Succumbed to a kobold's poison
             ... on level 3 of the Dungeon.
             The game lasted 00:05:32 (2836 turns).

senseless the Conjurer (Draconian Conjurer)         Turns: 2836, Time: 00:05:32

HP:   -2/39 (40)    AC: 10    Str: 12    XL:     5   Next: 16%
MP:   9/9           EV: 17    Int: 18    God:
Gold: 145           SH:  0    Dex:  9    Spells: 8/9 levels left

rFire   . . .      SeeInvis .    e - +6 dagger (protect)
rCold   . . .      Faith    .    (no shield)
rNeg    . . .      Spirit   .    (body armour unavailable)
rPois   .          Reflect  .    (helmet restricted)
rElec   .          Harm     .    k - +1 cloak
rCorr   .          Rampage  .    g - +1 pair of gloves
Will    .....                    f - +0 pair of boots
Stlth   ++                       (no amulet)
HPRegen 0.26/turn                c - +5 ring of evasion
MPRegen 0.11/turn                (no ring)

@: mighty, brilliant, lethally poisoned (-2 -> -11), hasted and slowed, lightly
drained
A: AC +5, unfitting armour, cold-blooded
a: no special abilities


You were on level 3 of the Dungeon.
You visited 1 branch of the dungeon, and saw 3 of its levels.

You collected 145 gold pieces.

Inventory:

Hand Weapons
 e - a +6 dagger of protection (weapon)
Armour
 f - a +0 pair of boots (worn)
 g - a +1 pair of gloves (worn)
 k - a +1 cloak (worn)
Jewellery
 c - a +5 ring of evasion (left hand)
Potions
 a - a potion of magic


   Skills:
 + Level 1.1 Fighting
 + Level 0.9 Short Blades
 + Level 2.2 Dodging
 + Level 2.3 Stealth
 + Level 2.7 Spellcasting
 + Level 5.4 Conjurations


You had 8 spell levels left.
You knew the following spells:

 Your Spells              Type           Power      Damage    Failure   Level
a - Magic Dart            Conj           100%       1d8       1%          1

Your spell library contained the following spells:

 Spells                   Type           Power      Damage    Failure   Level
 Searing Ray              Conj           64%        2d6       2%          2
 Momentum Strike          Conj/Tloc      36%        3d9       9%          2
 Apportation              Tloc           6%         N/A       17%         1
 Necrotise                Necr           12%        1d4       17%         1
 Summon Small Mammal      Summ           12%        N/A       17%         1
 Dazzling Flash           Conj/Hex       36%        N/A       17%         3
 Blink                    Tloc           6%         N/A       26%         2
 Lesser Beckoning         Tloc           6%         N/A       26%         2
 Fulminant Prism          Conj/Hex       9%         3d7       50%         4
 Iskenderun's Mystic Bla  Conj/Tloc      18%        2d6       50%         4


Dungeon Overview and Level Annotations

Branches:
Dungeon (3/15)

Altars:

Annotations:
D:3 Tenz's ghost, weakling OgWr


Innate Abilities, Weirdness & Mutations

Your plain brown scales are hard. (AC +5)
You cannot fit into any form of body armour.
You are cold-blooded and may be slowed by cold attacks.


Message History

* * * LOW HITPOINT WARNING * * *
The kobold hits you but does no damage.
You are too injured to fight recklessly!
You are too injured to fight recklessly!
You are too injured to fight recklessly!
You are too injured to fight recklessly!
You are too injured to fight recklessly!
You are too injured to fight recklessly!
You are too injured to fight recklessly!
You are too injured to fight recklessly!
You are too injured to fight recklessly!
The kobold attacks as you move away! The kobold closely misses you.
You feel sick.
You hit the kobold.
The kobold is severely wounded.
You feel sick.
The kobold hits you with a +1 whip of chaos.
* * * LOW HITPOINT WARNING * * *
The kobold burns you.
* * * LOW HITPOINT WARNING * * *
It was a potion of might.
You feel very mighty all of a sudden.
* * * LOW HITPOINT WARNING * * *
You feel sick. The kobold hits you but does no damage.
It was a potion of brilliance.
You feel clever all of a sudden.
* * * LOW HITPOINT WARNING * * *
You feel sick.
Tenz's ghost mumbles some strange words.
Tenz's ghost blinks!
The kobold hits you but does no damage.
It was a potion of haste.
You feel yourself speed up.
* * * LOW HITPOINT WARNING * * *
You feel sick. The kobold hits you but does no damage.
You feel yourself slow down.
* * * LOW HITPOINT WARNING * * *
You feel sick.
You are no longer poisoned.
The kobold attacks as you move away! The kobold hits you but does no damage.
You are lethally poisoned!
You die...

#.# #.####### #####.#
#........ #.....#
############# #.<...#
#........##.. ###.....#
#.######..... #.......#
#.#..# #...[. ##.#.....#
#.#..# #..... #........#
#.#..###..... #.8....@.#
#.#..).......
#.._...#.###.#.####.....
#.8...##K#..............
#.....##K#...#.####.....
#####..)K#...#.# ######
##...W.....# #.##'''##.#
###.....### #.#...#.#


You could see Tenz's ghost and 3 kobolds.

Vanquished Creatures
  A kobold brigand (D:3)
  Terence (D:3)
  3 worms (D:3)
  2 dart slugs
  An orc (D:3)
  5 ball pythons
  3 endoplasms (D:1)
  2 giant cockroaches
  2 hobgoblins
  7 jackals (D:1)
  2 quokkas (D:1)
  4 bats
  A frilled lizard (D:2)
  3 goblins
  9 kobolds
  2 rats
48 creatures vanquished.

Notes
Turn   | Place    | Note
-------+----------+-------------------------------------------
     0 | D:1      | senseless the Draconian Conjurer began the quest for the
                  | Orb.
     0 | D:1      | Reached XP level 1. HP: 14/14 MP: 3/3
   378 | D:1      | Reached XP level 2. HP: 19/20 MP: 0/5
   871 | D:1      | Reached XP level 3. HP: 27/27 MP: 3/6
  2004 | D:3      | Noticed Terence
  2013 | D:3      | Killed Terence
  2014 | D:3      | Reached skill level 5 in Conjurations
  2050 | D:3      | Reached XP level 4. HP: 34/34 MP: 0/7
  2244 | D:3      | Found a faded altar of an unknown god.
  2253 | D:3      | Found a runed translucent gate.
  2254 | D:3      | Found a runed translucent gate.
  2255 | D:3      | Found a runed translucent gate.
  2255 | D:3      | Noticed Tenz's ghost (weakling OgWr)
  2256 | D:3      | Noticed a kobold brigand
  2815 | D:3      | Killed a kobold brigand
  2816 | D:3      | Reached skill level 1 in Fighting
  2816 | D:3      | Reached XP level 5. HP: 27/39 MP: 7/9
  2835 | D:3      | HP: 1/39 [poisoned by a kobold]
  2836 | D:3      | Succumbed to a kobold's poison

Illustrated notes

Levels and vault maps discovered:
D:1:      matt_arrival_spirals, layout_basic, dreamdust_mushroom_princess,
          minmay_misc_feat_four_crosses, minmay_hexomino_u4
D:2:      layout_basic
D:3:      layout_basic, gammafunk_ghost_nasty_kobolds,
          dreamdust_ecumenical_altar_statues, nicolae_wormholes, uniq_terence

Skill      XL: |  1  2  3  4 |
---------------+-------------+-----
Stealth        | 2 |  2.3
Dodging        | 2 |  2.2
Conjurations   | 5 |  5.4
Fighting       | 1 |  1.1
Short Blades   | |  0.9
Spellcasting   | |  2.7

Action                     |  1- 3 |  4- 6 || total
---------------------------+-------+-------++-------
  Melee: Unarmed           |     7 |       ||     7
         Short sword       |     5 |       ||     5
         Dagger            |    25 |    46 ||    71
         Tailslap          |     2 |     6 ||     8
   Cast: Magic Dart        |    56 |    13 ||    69
    Use: Scroll            |     3 |     3 ||     6
         Potion            |       |     3 ||     3
 Armour: Skin              |     1 |    19 ||    20
  Dodge: Dodged            |    33 |    29 ||    62

Table legend: (Time is in decaauts)
 A = Elapsed time spent in this place.
 B = Non-inter-level travel time spent in this place.
 C = Inter-level travel time spent in this place.
 D = Time resting spent in this place.
 E = Time spent auto-exploring this place.
 F = Levels seen in this place.
 G = Mean time per level.
                   A        B        C        D        E       F      G
               +--------+--------+--------+--------+--------+-----+--------+
         Total |   2837 |   2710 |    127 |      0 |   2359 |   3 |  945.7 |
       Dungeon |   2837 |   2710 |    127 |      0 |   2359 |   3 |  945.7 |
               +--------+--------+--------+--------+--------+-----+--------+

Top non-repeatable levels by time:
     D:1: 1140 daAuts
     D:3: 901 daAuts
     D:2: 795 daAuts
